 Dungeon Crawl Stone Soup version 0.29.0-13-gc9e81de378 (webtiles) character file.

Game seed: 14046594160769614403

202 leavemydog the Conjurer (level 5, -5/28 HPs)
             Began as a Deep Elf Conjurer on Sept 8, 2022.
             Slain by an ice beast (12 damage)
             ... on level 4 of the Dungeon.
             The game lasted 00:02:55 (3083 turns).

leavemydog the Conjurer (Deep Elf Conjurer)         Turns: 3083, Time: 00:02:56

Health: -5/28      AC:  2    Str:  6    XL:     5   Next: 50%
Magic:  6/13       EV: 12    Int: 25    God:
Gold:   227        SH:  0    Dex: 13    Spells: 6/13 levels left

rFire   . . .      SeeInvis .   f - +11 dagger "Konoyff" {venom, rN+ rCorr Str+2 Stlth+}
rCold   . . .      Faith    .   (no shield)
rNeg    + . .      Spirit   .   a - +0 robe
rPois   .          Reflect  .   (no helmet)
rElec   .          Harm     .   (no cloak)
rCorr   +          Rampage  .   (no gloves)
Will    .....                   (no boots)
Stlth   +++.......              (no amulet)
HPRegen 0.09/turn               (no ring)
MPRegen 0.13/turn               (no ring)

@: no status effects
A: no striking features
a: no special abilities


You were on level 4 of the Dungeon.
You visited 1 branch of the dungeon, and saw 4 of its levels.

You collected 227 gold pieces.

Inventory:

Hand Weapons
 f - the +11 dagger "Konoyff" (weapon) {venom, rN+ rCorr Str+2 Stlth+}
   (You found it on level 2 of the Dungeon)

   It poisons the flesh of those it strikes.
   Str:       It affects your strength (+2).
   rN:        It protects you from negative energy.
   rCorr:     It protects you from acid and corrosion.
   Stlth:     It makes you more stealthy.
Armour
 a - a +0 robe (worn)
Scrolls
 d - 2 scrolls of teleportation {unknown}
 i - 3 scrolls of butterflies {unknown}
 m - a scroll of summoning {unknown}
 n - a scroll of enchant weapon {unknown}
 o - a scroll of fear {unknown}
 q - 5 scrolls of identify {unknown}
 r - a scroll of amnesia {unknown}
 s - 3 scrolls of poison {unknown}
 t - a scroll of blinking {unknown}
 v - a scroll of enchant armour {unknown}
Potions
 b - a potion of magic
 c - a potion of berserk rage {unknown}
 e - a potion of ambrosia {unknown}
 g - 3 potions of curing {unknown}
 h - a potion of mutation {unknown}
 j - 2 potions of flight {unknown}
 k - a potion of lignification {unknown}
 l - a potion of haste {unknown}
 p - 2 potions of attraction {unknown}
 u - a potion of brilliance {unknown}


   Skills:
 - Level 2.4 Dodging
 - Level 2.4 Stealth
 + Level 4.5 Spellcasting
 + Level 6.6 Conjurations
 * Level 1.5 Translocations


You had 6 spell levels left.
You knew the following spells:

 Your Spells              Type           Power      Damage    Failure   Level
a - Magic Dart            Conj           100%       1d8       1%          1
b - Searing Ray           Conj           78%        2d7       1%          2
c - Iskenderun's Mystic   Conj/Tloc      26%        2d7       16%         4

Your spell library contained the following spells:

 Spells                   Type           Power      Damage    Failure   Level
 Dazzling Flash           Conj/Hex       44%        N/A       7%          3
 Gell's Gravitas          Tloc           13%        N/A       14%         3
 Lesser Beckoning         Tloc           13%        N/A       14%         3
 Teleport Other           Tloc           13%        N/A       14%         3
 Fulminant Prism          Conj/Hex       11%        3d9       22%         4


Dungeon Overview and Level Annotations

Branches:
Dungeon (4/15)
 Temple: D:4-7

Altars:


Message History

A giant cockroach is nearby!
The magic dart hits the giant cockroach.
You kill the giant cockroach!
You can't see any susceptible monsters within range! (Use Z to cast anyway.)
You can't see any susceptible monsters within range! (Use Z to cast anyway.)
You can't see any susceptible monsters within range! (Use Z to cast anyway.)
You now have 227 gold pieces (gained 14).
An ice beast comes into view.
An ice beast is nearby!
An ice beast is nearby!
The magic dart hits the ice beast.
The ice beast is lightly wounded.
Casting: Magic Dart (safe; 1% risk of failure)
Confirm with . or Enter, or press ? or * to list all spells.
Aiming: Magic Dart (safe; 1% risk of failure)
Press: ? - help, Shift-Dir - straight line, p - ice beast
Casting: Magic Dart (safe; 1% risk of failure)
Confirm with . or Enter, or press ? or * to list all spells.
Aiming: Searing Ray (safe; 1% risk of failure)
Press: ? - help, Shift-Dir - straight line The searing ray hits the ice beast!
The ice beast is moderately wounded. (Press . to maintain the ray.)
The searing ray hits the ice beast.
The ice beast is heavily wounded.
The ice beast completely misses you.
The searing ray hits the ice beast.
The ice beast is severely wounded.
The ice beast hits you. The ice beast freezes you!
Ouch! That really hurt!
The searing ray hits the ice beast.
The ice beast is almost dead.
You finish channelling your searing ray.
The ice beast misses you.
You barely miss the ice beast.
The ice beast is almost dead.
The ice beast hits you.
* * * LOW HITPOINT WARNING * * *
The ice beast freezes you!
You die...

#.#+#[.......)..
##...........##..
#......#.##..#...
####.....<#.##..#...
#^......#.#.#...#.†.
#.......#.#.#..##...
#.......#.#.#.. ....
#.......#.#.#.....#.
#..@....#.#.# #####.
#...Y#.#.#.#). ..
#.#......#.# #
#......# #........
###......# ......#
......


You could see an ice beast.

Vanquished Creatures
  An ogre (D:4)
  3 adders
  2 worms
  3 dart slugs
  8 orcs
  2 ball pythons
  3 bats
  7 endoplasms
  5 giant cockroaches
  8 goblins
  8 hobgoblins
  2 quokkas
  2 frilled lizards
  5 kobolds (D:3)
  7 rats
66 creatures vanquished.

Notes
Turn   | Place    | Note
-------+----------+-------------------------------------------
     0 | D:1      | leavemydog the Deep Elf Conjurer began the quest for the
                  | Orb.
     0 | D:1      | Reached XP level 1. HP: 10/10 MP: 6/6
   248 | D:1      | Reached XP level 2. HP: 15/15 MP: 6/8
   251 | D:1      | Learned a level 2 spell: Searing Ray
   381 | D:1      | Reached skill level 5 in Conjurations
   690 | D:1      | Found a faded altar of an unknown god.
  1066 | D:2      | Reached XP level 3. HP: 19/19 MP: 6/9
  1068 | D:2      | Identified the +11 dagger "Konoyff" {venom, rN+ rCorr Str+2
                  | Stlth+}
  2415 | D:3      | Reached XP level 4. HP: 24/24 MP: 8/11
  2418 | D:3      | Reached skill level 6 in Conjurations
  2601 | D:3      | Learned a level 4 spell: Iskenderun's Mystic Blast
  2661 | D:4      | Noticed an ogre
  2667 | D:4      | Killed an ogre
  2668 | D:4      | Reached skill level 1 in Translocations
  2668 | D:4      | Reached XP level 5. HP: 28/28 MP: 2/13
  3076 | D:4      | Noticed an ice beast
  3083 | D:4      | Slain by an ice beast

Illustrated notes

Levels and vault maps discovered:
D:1:      minmay_arrival_three_doors, layout_rooms,
          hellmonk_ecumenical_altar_lost_god, corexii_leaking_fountain,
          minmay_tripent
D:2:      layout_loops_cross, minmay_pentomino_v4
D:3:      layout_rooms
D:4:      layout_basic

Skill      XL: |  1  2  3  4 |
---------------+-------------+-----
Conjurations   | 5 6 |  6.6
Spellcasting   | 4 |  4.5
Translocations | 1 |  1.5
Dodging        | |  2.4
Stealth        | |  2.4

Action                   |  1- 3 |  4- 6 || total
-------------------------+-------+-------++-------
Melee: Unarmed           |     3 |       ||     3
       Dagger            |     4 |     3 ||     7
 Cast: Magic Dart        |    86 |    42 ||   128
       Searing Ray       |       |     2 ||     2
 Stab: Sleeping          |     1 |       ||     1
Armor: Robe              |     1 |     1 ||     2
Dodge: Dodged            |     3 |     2 ||     5
